 Dungeon Crawl Stone Soup version 0.19.4-8-ga85b6b9 (webtiles) character file.

93 LORDOFBUTT the Sneak (level 4, -1/21 HPs)
             Began as a Spriggan Enchanter on Feb 11, 2017.
             Slain by a worm (10 damage)
             ... on level 3 of the Dungeon.
             The game lasted 00:01:59 (2005 turns).

LORDOFBUTT the Sneak (Spriggan Enchanter)           Turns: 2005, Time: 00:02:00

Health: -1/21      AC:  3    Str:  4    XL:     4   Next: 37%
Magic:  5/9        EV: 18    Int: 17    God:
Gold:   117        SH:  0    Dex: 16    Spells: 2 memorised, 5 levels left

rFire  . . .     SeeInvis +     a - +1 dagger
rCold  . . .     Gourm    .     b - +1 robe
rNeg   . . .     Faith    .     (shield restricted)
rPois  .         Spirit   .     (helmet restricted)
rElec  .         Reflect  .     (no cloak)
rCorr  .         Harm     .     (gloves unavailable)
MR     .....                    (boots unavailable)
Stlth  +++.......               (no amulet)
                                (no ring)
                                (no ring)

@: very slightly contaminated, very quick
A: unfitting armour, see invisible, herbivore 3, speed 3, slow metabolism 2
a: no special abilities


You were on level 3 of the Dungeon.
You were not hungry.

You visited 1 branch of the dungeon, and saw 3 of its levels.

You collected 117 gold pieces.

Inventory:

Hand Weapons
 a - a +1 dagger (weapon)
Armour
 b - a +1 robe (worn)
Scrolls
 e - a scroll of identify
 f - a scroll of noise
 l - a scroll of fog {unknown}
Potions
 h - a potion of agility {unknown}
 i - 2 potions of might {unknown}
 j - a potion of lignification {unknown}
 k - a potion of beneficial mutation {unknown}
Books
 c - a book of Maledictions

   Spells                             Type                      Level
   a - Corona                         Hexes                        1
   b - Ensorcelled Hibernation        Hexes/Ice                    2
   c - Confuse                        Hexes                        3
   d - Tukima's Dance                 Hexes                        3
   e - Dazzling Spray                 Conjuration/Hexes            3
Comestibles
 d - 2 bread rations
 g - 3 royal jellies


   Skills:
 * Level 3.9 Short Blades
 - Level 3.0 Dodging
 + Level 5.6 Stealth
 - Level 2.6 Spellcasting
 - Level 3.7 Hexes


You had 5 spell levels left.
You knew the following spells:

 Your Spells              Type           Power        Failure   Level  Hunger
a - Corona                Hex            ##.....      4%          1    #......
b - Ensorcelled Hibernat  Hex/Ice        #.....       14%         2    ##.....


Dungeon Overview and Level Annotations

Branches:
Dungeon (3/15)

Altars:
Trog


Innate Abilities, Weirdness & Mutations

You are very small and have problems with some larger weapons.
You are too small for most types of armour.
You have supernaturally acute eyesight. (SInv)
You are a herbivore.
You cover ground extremely quickly.
You need consume almost no food.


Message History

A worm is nearby!
The worm bites you!
Ouch! That really hurt!
You hit the worm but do no damage.
Casting: Ensorcelled Hibernation
Confirm with . or Enter, or press ? or * to list all spells.
Aiming: Ensorcelled Hibernation
Press: ? - help, Shift-Dir - straight line, f - worm
Aim: a worm (chance to defeat MR: 49%)
You miscast Ensorcelled Hibernation.
You are very lightly contaminated with residual magic.
You feel a strange surge of energy!
Casting: Ensorcelled Hibernation
Confirm with . or Enter, or press ? or * to list all spells.
Aiming: Ensorcelled Hibernation
Press: ? - help, Shift-Dir - straight line, f/p - worm
Aim: a worm (chance to defeat MR: 49%)
The worm resists with some effort.
The worm bites you!
You die...

.................†......
........................
........................
........................
..#.....##########......
#.....# ####......
#.....# #...).....
#.....# ##.........
#....@#### #..........
#....w...# #..........
#........# #......####
#........# #......#
#....##### #......#
#.... #......# #....
#......# #.... ########
#####


You could see a worm.

Vanquished Creatures
  Terence (D:2)
  2 adders (D:2)
  A worm (D:2)
  A leopard gecko (D:2)
  An orc (D:2)
  2 ball pythons
  2 giant cockroaches (D:3)
  6 goblins
  7 hobgoblins
  A kobold (D:2)
  10 bats
  4 frilled lizards
  7 rats
45 creatures vanquished.

Vanquished Creatures (others)
  7 toadstools (D:1)
7 creatures vanquished.

Grand Total: 52 creatures vanquished

Notes
Turn   | Place    | Note
-------+----------+-------------------------------------------
     0 | D:1      | LORDOFBUTT the Spriggan Enchanter began the quest for the Orb.
     0 | D:1      | Reached XP level 1. HP: 9/9 MP: 5/5
   213 | D:1      | Reached XP level 2. HP: 13/13 MP: 6/6
   760 | D:1      | Learned a level 2 spell: Ensorcelled Hibernation
  1349 | D:2      | Reached skill level 5 in Stealth
  1349 | D:2      | Reached XP level 3. HP: 16/16 MP: 8/8
  1488 | D:2      | Noticed Terence
  1495 | D:2      | Killed Terence
  1495 | D:2      | Reached XP level 4. HP: 13/21 MP: 6/9
  1633 | D:2      | Found a bloodstained altar of Trog.
  2005 | D:3      | Slain by a worm

Skill      XL: |  1  2 |
---------------+-------+-----
Short Blades   | 2 3 |  3.9
Stealth        | 5 |  5.6
Dodging        | |  3.0
Spellcasting   | |  2.6
Hexes          | |  3.7

Action                   |  1- 3 |  4- 6 || total
-------------------------+-------+-------++-------
Melee: Dagger            |    97 |    54 ||   151
 Cast: Ensorcelled Hiber |     3 |     1 ||     4
  Use: Scroll            |     1 |       ||     1
 Stab: Sleeping          |    15 |     3 ||    18
Armor: Robe              |    10 |     5 ||    15
Dodge: Dodged            |    69 |    40 ||   109
